 Dungeon Crawl Stone Soup version 0.25-a0-35-g747a2b3c0c (webtiles) character file.

Game seed: 13149508794406234436, levelgen mode: deterministic

10168 Arixos the Fighter (level 11, -6/133 HPs)
             Began as a Demonspawn Monk on Oct 19, 2019.
             Was a Priest of Ru.
             Mangled by a spiny frog (12 damage)
             ... on level 1 of the Lair of Beasts.
             The game lasted 00:46:34 (12303 turns).

Arixos the Fighter (Demonspawn Monk)               Turns: 12303, Time: 00:46:34

Health: -6/133     AC: 18    Str: 20    XL:     11   Next: 32%
Magic:  20/20      EV: 11    Int: 17    God:    Ru [***...]
Gold:   480        SH:  7    Dex: 23    Spells: 10/10 levels left

rFire    . . .     SeeInvis +   A - +8 whip of Defiance {flame, -Tele rElec Dex+8}
rCold    + + .     Gourm    .   h - +1 buckler
rNeg     . . .     Faith    .   r - +0 plate armour
rPois    .         Spirit   .   u - +1 helmet {SInv}
rElec    +         Reflect  .   (no cloak)
rCorr    .         Harm     .   (no gloves)
MR       .....     NoTele   +   f - +2 pair of boots
Stlth    ..........             (no amulet)
HPRegen  0.32/turn              g - ring of magical power
MPRegen  0.17/turn              t - ring of protection from cold

@: brilliant, berserking, lethally poisoned (-6 -> -16), exhausted, lightly
drained, very quick
A: claws 2, icy blue scales 3, powered by pain 2, no stealth, no air magic, no
necromancy magic, no translocations magic, reduced AC 1
a: Draw Out Power, Renounce Religion


You were on level 1 of the Lair of Beasts.
You worshipped Ru.
Ru was most pleased with you.
You were not hungry.

You visited 3 branches of the dungeon, and saw 12 of its levels.

You collected 645 gold pieces.
You spent 165 gold pieces at shops.

Inventory:

Hand Weapons
 A - the +8 whip of Defiance (weapon) {flame, -Tele rElec Dex+8}
   (You found it on level 5 of the Dungeon)

   It has been specially enchanted to burn those struck by it, causing extra
   injury to most foes and up to half again as much damage against particularly
   susceptible opponents.
   It affects your dexterity (+8).
   It insulates you from electricity.
   It prevents most forms of teleportation.
Missiles
 p - 52 poisoned darts (quivered)
Armour
 f - a +2 pair of boots (worn)
 h - a +1 buckler (worn)
 r - a +0 plate armour (worn)
 u - a +1 helmet of see invisible (worn)
 H - the +5 shield of Ucheuqy {rElec Int+3}
   (You found it on level 10 of the Dungeon)

   It affects your intelligence (+3).
   It insulates you from electricity.
Jewellery
 g - a ring of magical power (left claw)
 t - a ring of protection from cold (right claw)
Wands
 a - a wand of iceblast (4)
 w - a wand of enslavement (11)
 y - a wand of random effects (36)
 z - a wand of acid (13)
 C - a wand of polymorph (1)
 G - a wand of paralysis (7)
Scrolls
 c - 3 scrolls of enchant weapon {unknown}
 d - 8 scrolls of identify
 i - 2 scrolls of amnesia
 k - a scroll of fog
 n - 4 scrolls of teleportation
 v - 3 scrolls of blinking
 E - a scroll of noise {unknown}
 I - a scroll of remove curse
 K - a scroll of enchant armour
Potions
 e - a potion of cancellation {unknown}
 j - 2 potions of heal wounds {unknown}
 l - 3 potions of flight
 m - 2 potions of ambrosia {unknown}
 o - 2 potions of agility {unknown}
 q - 3 potions of curing
 s - 2 potions of brilliance
 x - 3 potions of haste
 B - a potion of berserk rage
 D - a potion of resistance {unknown}
 F - 2 potions of degeneration {unknown}
Comestibles
 b - 22 rations
 J - 3 chunks of flesh


   Skills:
 + Level 9.3(8.9) Fighting
 - Level 0.7(0.4) Maces & Flails
 + Level 8.0(7.6) Armour
 + Level 8.5(8.2) Dodging
 + Level 4.5(4.2) Shields
 + Level 7.8(7.4) Unarmed Combat


You had 10 spell levels left.
You didn't know any spells.
Your spell library contained the following spells:

 Spells                   Type           Power        Failure   Level  Hunger
 Flame Tongue             Conj/Fire      ##...        41%         1    ##.....
 Magic Dart               Conj           ##..         41%         1    ##.....
 Searing Ray              Conj           ##....       52%         2    ###....
 Throw Flame              Conj/Fire      ##....       52%         2    ###....
 Conjure Flame            Conj/Fire      ##......     73%         3    ####...
 Dazzling Spray           Conj/Hex       ##....       73%         3    ####...
 Inner Flame              Hex/Fire       ##......     73%         3    ####...
 Fulminant Prism          Conj/Hex       ##........   97%         4    #####..
 Iskenderun's Mystic Bla  Conj           ##......     97%         4    #####..
 Sticky Flame             Conj/Fire      ##......     97%         4    #####..
 Fireball                 Conj/Fire      ##........   100%        5    ######.
 Force Lance              Conj/Tloc      Unusable     N/A         4    N/A

Dungeon Overview and Level Annotations

Branches:
Dungeon (10/15)            Temple (1/1) D:5            Lair (1/6) D:10
    Orc: D:9-12

Altars:
Ashenzari
Cheibriados
Dithmenos
Elyvilon
Fedhas
Gozag
Hepliaklqana
Kikubaaqudgha
Makhleb
Nemelex Xobeh
Okawaru
Qazlal
Ru
Sif Muna
Trog
Uskayaw
Vehumet
Wu Jian
Xom
Yredelemnul
Zin
The Shining One

Shops:
D:5 =   D:7 [   D:8 =   D:9 =*

Annotations:
D:6 exclusion: statue


Innate Abilities, Weirdness & Mutations

You have very sharp fingernails.
You are completely covered in icy blue scales. (AC +4, rC+)
You sometimes gain power by taking damage.
You cannot be stealthy.
You cannot study or cast Air magic.
You cannot study or cast Necromancy magic.
You cannot study or cast Translocations magic.
You take slightly more damage. (AC -5)


Message History

A red film seems to cover your vision as you go berserk!
You feel yourself moving faster!
You feel mighty! The spiny frog stings you.
* * * LOW HITPOINT WARNING * * *
You are lethally poisoned!
The spiny frog poisons you!
The spiny frog stings you but does no damage.
You whack the spiny frog! You burn the spiny frog.
The spiny frog is severely wounded.
* * * LOW HITPOINT WARNING * * *
You feel sick.
You closely miss the spiny frog.
The spiny frog is severely wounded.
* * * LOW HITPOINT WARNING * * *
You feel sick.
The spiny frog stings you but does no damage.
Your plate armour prevents you from hitting the spiny frog.
The spiny frog is severely wounded.
* * * LOW HITPOINT WARNING * * *
You feel sick. The spiny frog stings you!
You die...

≈≈≈≈≈≈≈≈≈≈P...### ###
≈≈≈≈≈≈≈P≈≈......####P###
≈≈≈≈≈≈≈P≈≈≈.............
≈≈≈≈≈≈PPP≈≈P..####.##.P#
♣≈≈≈≈≈≈≈≈PPP..##########
♣≈≈≈≈≈≈P≈P≈P....########
♣≈≈≈P≈≈≈≈P............
#F.#.....#.####P#.
##@.##...##.# ###.
#.#.###.###.## #.
##..##..###..#####.
#..###.#.#.#.##.#.
#.................
#..######(..#.#...
#..#.#####........
#...........###...
#.######.#### ##.#


You could see a spiny frog.

Vanquished Creatures
  Harold (D:8)
  A two-headed ogre (D:7)
  An unseen horror (D:7)
  A centaur zombie (D:10)
  Joseph (D:10)
  A spiny frog (Lair:1)
  Psyche (D:10)
  A komodo dragon (D:9)
  A hornet (D:9)
  A wyvern (D:8)
  A wraith (D:9)
  Grum (D:8)
  6 yaks (Lair:1)
  2 hungry ghosts
  2 water moccasins (Lair:1)
  A porcupine (Lair:1)
  An ice beast (D:10)
  4 sky beasts
  A black bear (D:10)
  An eye of draining (D:8)
  4 orc warriors
  A necrophage (D:5)
  2 wolves (D:8)
  4 ogres
  2 centaurs
  3 crocodiles
  2 big kobolds
  9 bullfrogs
  A water moccasin zombie (D:8)
  2 scorpions
  5 wights (D:6)
  6 killer bees
  An electric eel (Lair:1)
  4 crimson imps
  A howler monkey (D:6)
  3 hounds
  4 jellies
  5 orc priests
  A bullfrog skeleton (D:7)
  Jessica (D:2)
  3 iguanas
  7 orc wizards
  5 worker ants
  A hound skeleton (D:9)
  2 worker ant zombies
  10 adders
  A shadow imp (D:6)
  A worm (D:2)
  An adder zombie (D:8)
  4 dart slugs
  6 leopard geckos
  26 orcs
  5 giant cockroaches
  8 goblins
  5 hobgoblins
  10 jackals
  7 quokkas
  5 ball pythons
  11 bats
  4 frilled lizards
  25 kobolds
  A quokka zombie (D:5)
  9 rats
  A bush (D:2)
249 creatures vanquished.

Vanquished Creatures (others)
  A spiny frog (Lair:1)
  A centaur (D:10)
  2 kobolds (D:10)
  A fungus (Lair:1)
  3 plants (D:10)
8 creatures vanquished.

Grand Total: 257 creatures vanquished

Notes
Turn   | Place    | Note
-------+----------+-------------------------------------------
     0 | D:1      | Arixos the Demonspawn Monk began the quest for the Orb.
     0 | D:1      | Reached XP level 1. HP: 18/18 MP: 1/1
   343 | D:1      | Gained mutation: You are partially covered in icy blue
                  | scales. (AC +2) [demonic ancestry]
   343 | D:1      | Reached XP level 2. HP: 24/24 MP: 2/2
   396 | D:1      | Reached skill level 1 in Armour
  1165 | D:2      | Gained mutation: You are mostly covered in icy blue scales.
                  | (AC +3) [demonic ancestry]
  1165 | D:2      | Reached XP level 3. HP: 27/29 MP: 3/3
  1371 | D:2      | Noticed Jessica
  1381 | D:2      | Killed Jessica
  1381 | D:2      | Gained mutation: You are completely covered in icy blue
                  | scales. (AC +4, rC+) [demonic ancestry]
  1381 | D:2      | Reached XP level 4. HP: 18/37 MP: 4/4
  1644 | D:2      | Reached skill level 1 in Shields
  1756 | D:2      | Found a glowing silver altar of Zin.
  2437 | D:3      | Reached skill level 4 in Fighting
  2437 | D:3      | Gained mutation: You sometimes gain a little power by
                  | taking damage. [demonic ancestry]
  2437 | D:3      | Reached XP level 5. HP: 42/42 MP: 5/5
  3850 | D:5      | Entered Level 5 of the Dungeon
  3926 | D:5      | Found Opisoa's Jewellery Shoppe.
  3944 | D:5      | Reached XP level 6. HP: 49/49 MP: 6/6
  4260 | D:5      | Got a crystal whip
  4261 | D:5      | Identified the +8 whip of Defiance {flame, -Tele rElec
                  | Dex+8} (You found it on level 5 of the Dungeon)
  4362 | D:5      | Found a staircase to the Ecumenical Temple.
  4371 | Temple   | Entered the Ecumenical Temple
  4525 | Temple   | Became a worshipper of Ru the Awakened
  4531 | Temple   | Gained mutation: You cannot study or cast Air magic. [Ru
                  | sacrifice]
  4531 | Temple   | Gained mutation: You cannot study or cast Necromancy magic.
                  | [Ru sacrifice]
  4531 | Temple   | Gained mutation: You cannot study or cast Translocations
                  | magic. [Ru sacrifice]
  4531 | Temple   | Reached * piety under Ru
  4553 | D:5      | Gained mutation: You have sharp fingernails. [demonic
                  | ancestry]
  4553 | D:5      | Reached XP level 7. HP: 53/54 MP: 7/7
  4943 | D:6      | Reached skill level 5 in Fighting
  5284 | D:6      | Reached XP level 8. HP: 62/62 MP: 8/8
  5319 | D:6      | Found a radiant altar of Vehumet.
  5401 | D:6      | Reached skill level 5 in Dodging
  6268 | D:7      | Killed an unseen horror
  6268 | D:7      | Reached skill level 6 in Fighting
  6268 | D:7      | Reached skill level 5 in Armour
  6268 | D:7      | Gained mutation: You sometimes gain power by taking damage.
                  | [demonic ancestry]
  6268 | D:7      | Reached XP level 9. HP: 38/70 MP: 9/9
  6787 | D:7      | Reached skill level 5 in Unarmed Combat
  7178 | D:7      | Reached skill level 7 in Fighting
  7325 | D:7      | Found a sparkling altar of Nemelex Xobeh.
  7444 | D:7      | Found Gan Body's Antique Armour Boutique.
  7457 | D:7      | Bought a runed helmet for 165 gold pieces
  7712 | D:8      | Found Emugost's Jewellery Shoppe.
  7772 | D:8      | Gained mutation: You cannot be stealthy. [Ru sacrifice]
  7772 | D:8      | Reached ** piety under Ru
  7822 | D:8      | Noticed Grum
  7846 | D:8      | Killed Grum
  8058 | D:8      | Noticed a two-headed ogre
  8064 | D:8      | Noticed Harold
  8413 | D:7      | Killed a two-headed ogre
  8413 | D:7      | Gained mutation: You have very sharp fingernails. [demonic
                  | ancestry]
  8413 | D:7      | Reached XP level 10. HP: 79/79 MP: 10/10
  8521 | D:8      | Killed Harold
  8521 | D:8      | Reached skill level 8 in Fighting
  8684 | D:9      | Found an ornate altar of the Wu Jian Council.
  8685 | D:9      | Found Semouf's Jewellery Emporium.
  9180 | D:9      | Found Loumuh's Assorted Antiques.
  9312 | D:10     | Entered Level 10 of the Dungeon
  9312 | D:10     | Noticed Psyche
  9312 | D:10     | Noticed Joseph
 10138 | D:10     | Killed Joseph
 10141 | D:10     | Paralysed by Psyche for 3 turns
 10149 | D:10     | Killed Psyche
 10213 | D:10     | Reached skill level 9 in Fighting
 10229 | D:10     | Found a staircase to the Lair.
 10283 | D:9      | Reached XP level 11. HP: 41/88 MP: 11/11
 10696 | D:10     | Gained mutation: You take slightly more damage. (AC -5) [Ru
                  | sacrifice]
 10696 | D:10     | Reached *** piety under Ru
 10790 | D:10     | Got a faintly humming shield
 10830 | D:10     | Identified the +5 shield of Ucheuqy {rElec Int+3} (You
                  | found it on level 10 of the Dungeon)
 11037 | Lair:1   | Entered Level 1 of the Lair of Beasts
 12302 | Lair:1   | HP: 6/133 [poisoned by a spiny frog]
 12303 | Lair:1   | Mangled by a spiny frog

Levels and vault maps discovered:
D:1:      dpeg_arrival_chase, layout_loops_ring, grunt_decor_resistance
D:2:      layout_basic, lemuel_coloured_pillars_altar, lexackson_kobold_supper,
          uniq_jessica
D:3:      layout_loops_ring
D:4:      layout_basic
D:5:      layout_gridville, minmay_temple_entry_butterflies, first_ration,
          serial_shops, shop, glass_columns_a
D:6:      layout_loops_ring, vehumet_statue, chequers_serial_rivers_large_a
D:7:      layout_loops_ring, serial_shops,
          nicolae_shop_temple_entry_statues_fountains, grunt_ogre_cave,
          nemelex_diamond_rough_becter
D:8:      layout_basic, serial_shops, nicolae_shop_behind_doors, uniq_grum,
          uniq_harold
D:9:      layout_gridville, basic_altar, serial_shops, nicolae_shop_statue_plus,
          shop
D:10:     layout_cave_pods, david_lair_shrubbed, uniq_psyche, uniq_joseph
Temple:   regret_index_temple_chain_breaker
Lair:1:   layout_loops_ring, serial_bayou_shore_a, serial_bayou_shore_b

Skill      XL: |  1  2  3  4  5  6  7  8  9 10 11 |
---------------+----------------------------------+-----
Armour         | 1 2 3 5 6 7 8 |  8.0
Dodging        | 3 4 5 7 8 |  8.5
Shields        | 1 2 3 4 |  4.5
Fighting       | 4 5 6 7 9 |  9.3
Unarmed Combat | 3 4 6 7 |  7.8
Stealth        | 0 |  0.0
Maces & Flails | |  0.7

Action                   |  1- 3 |  4- 6 |  7- 9 | 10-12 || total
-------------------------+-------+-------+-------+-------++-------
Melee: Short sword       |    92 |   185 |       |       ||   277
       Whip              |       |    14 |   331 |   411 ||   756
Throw: Dart              |       |       |       |    25 ||    25
Invok: Sacrifice Arcana  |       |     1 |       |       ||     1
       Sacrifice Stealth |       |       |     1 |       ||     1
       Draw Out Power    |       |       |       |     1 ||     1
       Sacrifice Health  |       |       |       |     1 ||     1
Evoke: Wand              |       |       |     4 |     1 ||     5
  Use: Scroll            |       |       |    10 |     2 ||    12
       Potion            |       |       |       |     5 ||     5
 Stab: Sleeping          |     3 |     7 |       |       ||    10
       Distracted        |       |       |       |     2 ||     2
  Eat: Chunk             |     1 |    10 |    13 |    12 ||    36
       Ration            |       |       |       |     2 ||     2
Armor: Robe              |    16 |    30 |       |       ||    46
       Plate armour      |       |    51 |   226 |   186 ||   463
       Skin              |       |       |       |     5 ||     5
Dodge: Dodged            |    65 |    69 |    62 |   137 ||   333
Block: Buckler           |     6 |    42 |   110 |   125 ||   283

Table legend:
 A = Non-vault XP
 B = Vault XP
 C = Vault XP percentage of total XP
 D = Non-vault monster count
 E = Vault monster count
 F = Vault count percentage of total count
                 A         B        C        D         E       F
            +---------+---------+-------+---------+---------+-------
      Total |   11855 |    2672 |  18.4 |     233 |      17 |   6.8
            +---------+---------+-------+---------+---------+-------
        D:1 |      38 |       0 |   0.0 |      22 |       0 |   0.0
        D:2 |      79 |      50 |  38.8 |      29 |       9 |  23.7
        D:3 |      62 |       0 |   0.0 |      17 |       0 |   0.0
        D:4 |     106 |       0 |   0.0 |       8 |       0 |   0.0
        D:5 |     496 |       0 |   0.0 |      14 |       0 |   0.0
        D:6 |    1207 |       0 |   0.0 |      34 |       0 |   0.0
        D:7 |    2992 |     121 |   3.9 |      30 |       1 |   3.2
        D:8 |     659 |    1443 |  68.6 |      12 |       4 |  25.0
        D:9 |    1833 |     361 |  16.5 |      33 |       1 |   2.9
       D:10 |    1529 |     697 |  31.3 |      18 |       2 |  10.0
     Lair:1 |    2854 |       0 |   0.0 |      16 |       0 |   0.0
            +---------+---------+-------+---------+---------+-------
